 Dungeon Crawl Stone Soup version 0.27-a0-320-g81d27af2d4 (webtiles) character file.

Game seed: 932830385956191280

5 djmy96 the Vexing (level 1, 0/10 HPs)
             Began as a Deep Elf Enchanter on Feb 10, 2021.
             Slain by a bat (1 damage)
             ... on level 1 of the Dungeon.
             The game lasted 00:00:16 (141 turns).

djmy96 the Vexing (Deep Elf Enchanter)               Turns: 141, Time: 00:00:17

Health: 0/10       AC:  2    Str:  5    XL:     1   Next: 66%
Magic:  6/6        EV: 13    Int: 19    God:
Gold:   0          SH:  0    Dex: 15    Spells: 5/6 levels left

rFire    . . .     SeeInvis .   a - +1 dagger
rCold    . . .     Faith    .   (no shield)
rNeg     . . .     Spirit   .   b - +0 robe
rPois    .         Reflect  .   (no helmet)
rElec    .         Harm     .   (no cloak)
rCorr    .         Rampage  .   (no gloves)
Will     .....                  (no boots)
Stlth    +++.......             (no amulet)
HPRegen  0.03/turn              (no ring)
MPRegen  0.10/turn              (no ring)

@: no status effects
A: no striking features
a: no special abilities


You were on level 1 of the Dungeon.
You visited 1 branch of the dungeon, and saw 1 of its levels.

Inventory:

Hand Weapons
 a - a +1 dagger (weapon)
Armour
 b - a +0 robe (worn)
Scrolls
 c - 2 scrolls of enchant weapon {unknown}


   Skills:
 + Level 1.0 Short Blades
 + Level 2.4 Dodging
 + Level 3.7 Stealth
 + Level 3.2 Spellcasting
 + Level 4.2 Hexes


You had 5 spell levels left.
You knew the following spells:

 Your Spells              Type           Power        Failure   Level
a - Corona                Hex            21%          2%          1

Your spell library contained the following spells:

 Spells                   Type           Power        Failure   Level
 Confusing Touch          Hex            19%          8%          3
 Tukima's Dance           Hex            19%          8%          3
 Ensorcelled Hibernation  Hex/Ice        22%          10%         2
 Dazzling Flash           Conj/Hex       22%          19%         3


Dungeon Overview and Level Annotations

Branches:
Dungeon (1/15)

Altars:


Message History

You are too injured to fight recklessly!
You are too injured to fight recklessly!
You are too injured to fight recklessly!
You are too injured to fight recklessly!
You miss the bat. The bat barely misses you. The bat closely misses you.
The bat hits you but does no damage.
You closely miss the bat. The bat misses you. The bat hits you. x2
* * * LOW HITPOINT WARNING * * *
You miss the bat. The bat completely misses you. The bat hits you.
* * * LOW HITPOINT WARNING * * *
The bat barely misses you. The bat completely misses you.
You hit the bat.
The bat is moderately wounded.
The bat closely misses you. The bat barely misses you.
The bat hits you but does no damage.
You hit the bat.
The bat is moderately wounded.
The bat barely misses you. x2; The bat hits you.
* * * LOW HITPOINT WARNING * * *
You hit the bat.
The bat is severely wounded.
The bat closely misses you. x2; The bat barely misses you.
You hit the bat.
You kill the bat!
The bat barely misses you. The bat closely misses you.
You hit the bat but do no damage.
The bat is moderately wounded.
The bat hits you.
* * * LOW HITPOINT WARNING * * *
You hit the bat but do no damage.
The bat is moderately wounded.
The bat hits you but does no damage. The bat hits you but does no damage.
Found a leather armour.
You barely miss the bat.
The bat is moderately wounded.
The bat closely misses you. The bat hits you.
You die...

......# ...##
####..#####.....#.####.
#....##......#......
####............#...
##........#.[..#
##...#....#...
+.##..###....#.#
#.....###......#####.
###.#....)..b@.......
#..#.$.....#.#######
........#.#.#.#
###.#..........#
......##..#.....
.##.##....##.#.## #.
.....##.#.# .
.##...##....


You could see a bat.

Vanquished Creatures
  3 bats (D:1)
  A hobgoblin (D:1)
  A rat (D:1)
5 creatures vanquished.

Notes
Turn   | Place    | Note
-------+----------+-------------------------------------------
     0 | D:1      | djmy96 the Deep Elf Enchanter began the quest for the Orb.
     0 | D:1      | Reached XP level 1. HP: 10/10 MP: 6/6
   141 | D:1      | Slain by a bat

Illustrated notes

Levels and vault maps discovered:
D:1:      amcnicky_arrival_feature_with_door, layout_rooms,
          roderic_serpentine_path

Action                   || total
-------------------------++-------
Melee: Dagger            ||    35
Armor: Robe              ||    26
Dodge: Dodged            ||    57

Table legend: (Time is in decaauts)
 A = Elapsed time spent in this place.
 B = Non-inter-level travel time spent in this place.
 C = Inter-level travel time spent in this place.
 D = Time resting spent in this place.
 E = Time spent auto-exploring this place.
 F = Levels seen in this place.
 G = Mean time per level.
                   A        B        C        D        E       F      G
               +--------+--------+--------+--------+--------+-----+--------+
         Total |    139 |    139 |      0 |      0 |     87 |   1 |  139.0 |
       Dungeon |    139 |    139 |      0 |      0 |     87 |   1 |  139.0 |
               +--------+--------+--------+--------+--------+-----+--------+

Top non-repeatable levels by time:
     D:1: 139 daAuts
